 Dungeon Crawl Stone Soup version 0.29.1-1-gd02db6906a (webtiles) character file.

Game seed: 3768636321212511607

26134 DemonSlayer the Thaumaturge (level 12, -21/84 HPs)
             Began as a Demonspawn Fire Elementalist on Oct 20, 2022.
             Was the Champion of Cheibriados.
             Demolished by a large abomination (26 damage)
             ... on level 2 of the Abyss on Oct 21, 2022.
             The game lasted 01:00:42 (20046 turns).

DemonSlayer the Thaumaturge (DsFE)                 Turns: 20046, Time: 01:00:43

Health: -21/84     AC: 14    Str: 25    XL:     12   Next: 95%
Magic:  0/27       EV: 25    Int: 38    God:    Cheibriados [******]
Gold:   1226       SH:  5    Dex: 28    Spells: 18/34 levels left

rFire   . . .      SeeInvis +   f - +10 flail "Vecre" {vorpal, rElec rC+}
rCold   + . .      Faith    .   (no shield)
rNeg    . . .      Spirit   +   l - +0 troll leather armour
rPois   .          Reflect  +   w - +3 crown of Dyrovepreva {rElec Int+2 SInv}
rElec   +          Harm     .   (cloak unavailable)
rCorr   .          Rampage  .   j - +1 pair of gloves
Will    .....                   H - +0 pair of boots
Stlth   +++.......              D - amulet of reflection
HPRegen 0.00/turn               k - +4 ring of evasion
MPRegen 0.40/turn               K - +4 ring of evasion

@: sick, studying Ranged Weapons, very slow
A: yellow scales 2, magic shield, magic regeneration, weakness stinger 3
a: Renounce Religion, Bend Time, Temporal Distortion, Slouch, Step From Time


You were on level 2 of the Abyss.
You worshipped Cheibriados.
Cheibriados was exalted by your worship.
You visited 4 branches of the dungeon, and saw 16 of its levels.
You visited the Abyss 1 time.

You collected 1406 gold pieces.
You spent 180 gold pieces at shops.

Inventory:

Hand Weapons
 f - the +10 flail "Vecre" (weapon) {vorpal, rElec rC+}
   (You found it on level 6 of the Dungeon)

   It inflicts extra damage upon your enemies.
   rC:        It protects you from cold.
   rElec:     It insulates you from electricity.
Armour
 j - a +1 pair of gloves (worn)
 l - a +0 troll leather armour (worn)
 w - the +3 crown of Dyrovepreva (worn) {rElec Int+2 SInv}
   (You found it on level 8 of the Dungeon)

   Int:       It affects your intelligence (+2).
   rElec:     It insulates you from electricity.
   SInv:      It lets you see invisible.
 x - the +0 scale mail "Muak" {rC- Dex+5 Slay+6}
   (You found it on level 11 of the Dungeon)

   Dex:       It affects your dexterity (+5).
   Slay:      It affects your accuracy & damage with ranged weapons and melee
   (+6).
   rC:        It makes you vulnerable to cold.
 H - a +0 pair of boots (worn)
Jewellery
 i - a +4 ring of protection
 k - a +4 ring of evasion (left hand)
 B - a +4 ring of protection
 C - a ring of flight
 D - an amulet of reflection (around neck)
 K - a +4 ring of evasion (right hand)
Wands
 c - a wand of digging (8)
 h - a wand of charming (3)
 s - a wand of flame (16)
 z - a wand of polymorph (5)
Scrolls
 b - a scroll of torment
 e - 2 scrolls of enchant armour
 g - 5 scrolls of teleportation
 t - a scroll of silence
 v - a scroll of fear
 G - a scroll of magic mapping
Potions
 a - a potion of cancellation
 d - 2 potions of ambrosia
 m - a potion of berserk rage {unknown}
 n - 2 potions of attraction
 o - 9 potions of curing
 p - 2 potions of lignification
 q - 6 potions of brilliance
 r - a potion of flight
 F - 2 potions of mutation
 J - a potion of degeneration {unknown}


   Skills:
 + Level 4.4 Fighting
 + Level 0.1(4.2) Axes
 + Level 6.0 Maces & Flails
 + Level 2.9(3.0) Polearms
 + Level 0.3 Throwing
 + Level 4.8 Armour
 + Level 6.0 Dodging
 + Level 4.0 Stealth
 + Level 2.8 Shields
 + Level 11.8 Spellcasting
 + Level 2.7 Conjurations
 + Level 11.1 Fire Magic
 + Level 3.1 Air Magic
 + Level 0.3 Invocations
 + Level 1.1 Evocations


You had 18 spell levels left.
You knew the following spells:

 Your Spells              Type           Power      Damage    Failure   Level
a - Foxfire               Conj/Fire      100%       2x1d9     1%          1
b - Scorch                Fire           100%       2d10      1%          2
c - Conjure Flame         Conj/Fire      66%        6-21      1%          3
d - Flame Wave            Conj/Fire      66%        2d15      1%          4
e - Blink                 Tloc           44%        N/A       2%          2
f - Airstrike             Air            23%        2d(4-20)  5%          4

Your spell library contained the following spells:

 Spells                   Type           Power      Damage    Failure   Level
 Shock                    Conj/Air       100%       1d9       1%          1
 Slow                     Hex            88%        N/A       1%          1
 Sting                    Tmut/Pois      88%        1d7       1%          1
 Poisonous Vapours        Pois/Air       68%        N/A       1%          2
 Ignite Poison            Fire/Tmut/Pois 50%        N/A       1%          3
 Inner Flame              Hex/Fire       59%        N/A       1%          3
 Swiftness                Air            46%        N/A       1%          3
 Sticky Flame             Conj/Fire      66%        2d8       1%          4
 Confusing Touch          Hex            22%        N/A       5%          3
 Lesser Beckoning         Tloc           22%        N/A       5%          3
 Vampiric Draining        Necr           22%        2d7       5%          3
 Summon Lightning Spire   Summ/Air       34%        N/A       10%         4
 Corpse Rot               Necr/Pois/Air  30%        N/A       12%         4
 Olgreb's Toxic Radiance  Pois           22%        N/A       19%         4
 Manifold Assault         Tloc           22%        N/A       45%         5
 Conjure Ball Lightning   Conj/Air       22%        3x3d6     65%         6
 Storm Form               Tmut/Air       17%        N/A       100%        7
 Discord                  Hex            11%        N/A       100%        8
 Disjunction              Tloc           11%        N/A       100%        8
 Maxwell's Capacitive Co  Air            23%        ∞         100%        8


Dungeon Overview and Level Annotations

Branches:
Dungeon (12/15)            Temple (1/1) D:5            Lair (2/5) D:10
 Spider (0/4) Lair:2          Orc (1/2) D:10
  Swamp: Lair:2-3    Shoals: Lair:2-3

Altars:
Ashenzari
Cheibriados
Dithmenos
Gozag
Hepliaklqana
Kikubaaqudgha
Makhleb
Nemelex Xobeh
Okawaru
Qazlal
Ru
Sif Muna
Trog
Vehumet
Wu Jian
Xom
Yredelemnul

Shops:
D:1 [   D:5 *

Annotations:
D:8 2 transporters
Lair:2 Harold


Innate Abilities, Weirdness & Mutations

You are mostly covered in yellow scales. (AC +3)
When hurt, damage is shared between your health and your magic reserves.
You regenerate magic rapidly.
You have a sharp stinger which inflicts weakening toxins.


Message History

Cheibriados appreciates the change of pace.
A chorus of shrieks assaults your mind.
A starcursed mass splits.
The large abomination completely misses you.
You sock the large abomination!
The large abomination is moderately damaged.
The large abomination completely misses you.
You hit the large abomination.
The large abomination is moderately damaged.
The large abomination completely misses you.
The starcursed mass shrieks in your mind.
You barely miss the bone dragon. The bone dragon barely misses you.
The bone dragon claws you!
The bone dragon tramples you but does no damage.
The large abomination closely misses you.
You hit the bone dragon but do no damage.
You tail-slap the bone dragon, but do no damage.
You punch the bone dragon.
The bone dragon is lightly damaged.
The bone dragon bites you!
* * * LOW HITPOINT WARNING * * *
The bone dragon claws you but does no damage.
The bone dragon completely misses you.
The large abomination completely misses you.
The starcursed mass shrieks in your mind.
* * * LOW HITPOINT WARNING * * *
The bone dragon misses you. The bone dragon barely misses you.
The bone dragon completely misses you.
You hit the bone dragon.
The bone dragon is lightly damaged.
The large abomination misses you. The bone dragon completely misses you.
The bone dragon claws you!
* * * LOW HITPOINT WARNING * * *
The bone dragon tramples you.
* * * LOW HITPOINT WARNING * * *
You hold your ground!
You hit the bone dragon but do no damage.
The bone dragon is lightly damaged.
The large abomination hits you!!
You die...

# ## # ## . #
...#D.# ## ### ##
.#....#...#####..
#... #.
....#..#.#X#.#..#
# #. . ##
.#D#....# #
#......#.DX#@.# .
.###...#X ##.X# .
. #..... ###... .
.. #.## #....# .#
3#
##...#..#.#...# .
# .. # ..#.....
.# .#..# # .....
.#.# #..#.# # ###
...##...# # #.##.
#.#...


You could see a bone dragon, a starcursed mass and a large abomination.

Vanquished Creatures
  Fannar (Orc:1)
  Erica (D:8)
  A two-headed ogre (D:11)
  An orc high priest (Orc:1)
  2 death yaks
  3 thrashing horrors (Abyss:2)
  Amaemon (Lair:2)
  3 lindwurms (Lair:2)
  An orc knight (Orc:1)
  2 cyclopes
  A deep elf pyromancer (D:11)
  A manticore (D:11)
  An ugly thing (D:11)
  A black mamba (Lair:2)
  2 gargoyles
  An orange demon (Lair:2)
  An unseen horror (D:12)
  2 cane toads
  A komodo dragon (Lair:1)
  A tormentor (Abyss:2)
  An ancient zyme (Abyss:2)
  3 trolls
  Grinder (D:3)
  2 hornets
  A slime creature (D:12)
  A blink frog (Lair:2)
  2 jumping spiders (Lair:2)
  A large abomination (Abyss:2)
  A culicivora (Lair:2)
  4 wyverns
  3 wraiths
  A ynoxinul (Abyss:2)
  A shadow (D:10)
  2 steam dragons
  20 yaks
  A basilisk (Lair:1)
  Grum (D:8)
  A warg (Orc:1)
  4 acid dragons
  3 water moccasins
  16 orc warriors
  3 black bears
  A sky beast (D:7)
  3 ogres
  2 centaurs
  7 wolves
  3 small abominations (Abyss:2)
  8 bullfrogs
  2 necrophages
  3 scorpions
  11 killer bees
  4 howler monkeys
  9 electric eels
  4 hounds
  2 gnoll boudas
  Crazy Yiuf (D:2)
  9 orc priests
  An iron imp (Abyss:2)
  2 jellies
  Jessica (D:3)
  Natasha (thrice) (D:3)
  3 iguanas
  7 orc wizards
  14 gnolls
  7 adders
  A shadow imp (D:7)
  3 white imps
  2 worms (D:7)
  3 dart slugs
  48 orcs
  2 ball pythons
  A bat (D:2)
  2 endoplasms
  2 giant cockroaches
  9 hobgoblins
  11 jackals
  7 kobolds
  3 frilled lizards (D:2)
  10 rats
312 creatures vanquished.

Vanquished Creatures (others)
  99 foxfires
  29 fungi
  53 plants
  3 toadstools (D:6)
184 creatures vanquished.

Grand Total: 496 creatures vanquished

Notes
Turn   | Place    | Note
-------+----------+-------------------------------------------
     0 | D:1      | DemonSlayer the Demonspawn Fire Elementalist began the
                  | quest for the Orb.
     0 | D:1      | Reached XP level 1. HP: 13/13 MP: 3/3
   726 | D:1      | Found Momubbo's Antique Armour Shop.
   732 | D:1      | Gained mutation: You have a small tail. [demonic ancestry]
   732 | D:1      | Reached XP level 2. HP: 19/19 MP: 0/5
   735 | D:1      | Learned a level 2 spell: Scorch
  1385 | D:2      | Found a faded altar of an unknown god.
  1487 | D:2      | Identified the +12 spear of Karma {venom, Int+3}
  1662 | D:2      | Reached XP level 3. HP: 24/24 MP: 6/6
  2094 | D:2      | Found a runed translucent door.
  2095 | D:2      | Noticed Crazy Yiuf
  2291 | D:2      | Killed Crazy Yiuf
  2292 | D:2      | Gained mutation: You have a tail ending in a sharp stinger.
                  | [demonic ancestry]
  2292 | D:2      | Reached XP level 4. HP: 22/30 MP: 0/7
  2375 | D:2      | Learned a level 3 spell: Conjure Flame
  2524 | D:3      | Noticed Jessica
  2529 | D:3      | Killed Jessica
  2530 | D:3      | Reached skill level 1 in Polearms
  2572 | D:3      | Noticed Natasha
  2580 | D:3      | Killed Natasha
  2581 | D:3      | Reached XP level 5. HP: 35/36 MP: 0/9
  2979 | D:3      | Found a broken altar of Ashenzari.
  3309 | D:3      | Noticed Natasha
  3313 | D:3      | Killed Natasha
  3373 | D:3      | Noticed Natasha
  3379 | D:3      | Killed Natasha
  3380 | D:3      | Reached XP level 6. HP: 42/42 MP: 3/10
  3669 | D:3      | Noticed Grinder
  3675 | D:3      | Paralysed by Grinder for 3 turns
  3911 | D:3      | Learned a level 4 spell: Flame Wave
  5031 | D:4      | Found a stormy altar of Qazlal.
  5480 | D:1      | Bought a glowing cloak for 180 gold pieces
  5661 | D:3      | Killed Grinder
  5662 | D:3      | Reached skill level 1 in Fighting
  5662 | D:3      | Reached skill level 5 in Fire Magic
  5662 | D:3      | Gained mutation: You are partially covered in yellow
                  | scales. (AC +2) [demonic ancestry]
  5662 | D:3      | Reached XP level 7. HP: 27/48 MP: 2/13
  5942 | D:5      | Entered Level 5 of the Dungeon
  5943 | D:5      | Found a shimmering altar of Xom.
  6089 | D:5      | Found Laichero's Elemental Accessories.
  6199 | D:5      | Found a staircase to the Ecumenical Temple.
  6216 | Temple   | Entered the Ecumenical Temple
  6317 | Temple   | Became a worshipper of Cheibriados the Contemplative
  7114 | D:5      | Reached skill level 5 in Spellcasting
  7114 | D:5      | Gained mutation: You regenerate magic rapidly. [demonic
                  | ancestry]
  7114 | D:5      | Reached XP level 8. HP: 54/54 MP: 10/15
  7687 | D:6      | Reached * piety under Cheibriados
  8650 | D:6      | Gained mutation: When hurt, damage is shared between your
                  | health and your magic reserves. [demonic ancestry]
  8650 | D:6      | Reached XP level 9. HP: 35/59 MP: 10/18
  8659 | D:6      | Identified the +10 flail "Vecre" {vorpal, rElec rC+}
  8873 | D:7      | Reached skill level 1 in Armour
  9381 | D:7      | Reached skill level 1 in Maces & Flails
  9749 | D:7      | Noticed a moth of wrath
  9754 | D:7      | Found a bloodstained altar of Trog.
  9765 | D:7      | Reached ** piety under Cheibriados
 10133 | D:8      | Found a transporter.
 10134 | D:8      | Noticed a two-headed ogre
 10136 | D:8      | Found the +3 crown of Dyrovepreva {rElec Int+2 SInv}
 10138 | D:8      | Found a transporter.
 10138 | D:8      | Noticed a cyclops
 10159 | D:8      | Noticed Erica
 10221 | D:8      | Killed Erica
 10222 | D:8      | Reached skill level 1 in Shields
 10222 | D:8      | Reached XP level 10. HP: 67/67 MP: 19/22
 10239 | D:8      | Noticed Grum
 10251 | D:8      | Killed Grum
 10377 | D:8      | Reached *** piety under Cheibriados
 11050 | D:8      | Found an ornate altar of the Wu Jian Council.
 11287 | D:8      | Learned a level 2 spell: Blink
 11603 | D:9      | Found an ancient bone altar of Kikubaaqudgha.
 11603 | D:9      | Found an iron altar of Okawaru.
 11747 | D:9      | Found a radiant altar of Vehumet.
 11924 | D:9      | Found a shadowy altar of Dithmenos.
 12581 | D:10     | Entered Level 10 of the Dungeon
 12629 | D:10     | Noticed a gargoyle
 13037 | D:10     | Reached **** piety under Cheibriados
 13164 | D:10     | Found a staircase to the Orcish Mines.
 13541 | D:10     | Killed a gargoyle
 13542 | D:10     | Gained mutation: You have a sharp stinger which inflicts
                  | weakening toxins. [demonic ancestry]
 13542 | D:10     | Reached XP level 11. HP: 72/72 MP: 24/24
 13656 | D:10     | Reached skill level 10 in Spellcasting
 13664 | D:10     | You fall into a shaft and drop 2 floors!
 14394 | D:12     | Noticed a purple ugly thing
 14524 | D:11     | Reached skill level 10 in Fire Magic
 14609 | D:11     | Noticed a two-headed ogre
 14739 | D:10     | Reached ***** piety under Cheibriados
 14982 | D:10     | Found a staircase to the Lair.
 15048 | D:10     | Learned a level 4 spell: Airstrike
 15091 | Lair:1   | Entered Level 1 of the Lair of Beasts
 15515 | Lair:1   | Reached skill level 5 in Dodging
 16151 | Lair:2   | Noticed Amaemon
 16165 | Lair:2   | Killed Amaemon
 16167 | Lair:2   | Noticed a death yak
 16174 | Lair:2   | Noticed a death yak
 16185 | Lair:1   | Killed a death yak
 16720 | Lair:2   | Killed a death yak
 16721 | Lair:2   | Gained mutation: You are mostly covered in yellow scales.
                  | (AC +3) [demonic ancestry]
 16721 | Lair:2   | Reached XP level 12. HP: 62/81 MP: 20/26
 17018 | Lair:2   | Found a hole to the Spider Nest.
 17110 | Lair:2   | Reached skill level 5 in Maces & Flails
 17185 | Lair:2   | Noticed Harold
 17284 | Lair:2   | Noticed a death yak
 17290 | Lair:2   | Noticed a death yak
 17601 | Lair:2   | Reached skill level 1 in Evocations
 17800 | Lair:2   | Found an opulent altar of Gozag.
 17804 | Lair:2   | Reached skill level 1 in Air Magic
 18250 | Orc:1    | Entered Level 1 of the Orcish Mines
 18250 | Orc:1    | Noticed Fannar
 18256 | Orc:1    | Killed Fannar
 18263 | Orc:1    | Noticed an orc high priest
 18613 | Orc:1    | Killed an orc high priest
 19224 | D:11     | Identified the +0 scale mail "Muak" {rC- Dex+5 Slay+6}
 19411 | D:11     | Killed a two-headed ogre
 19454 | D:11     | Reached ****** piety under Cheibriados
 19669 | Abyss:2  | Cast into level 2 of the Abyss (a wizard)
 20011 | Abyss:2  | Noticed a starcursed mass
 20019 | Abyss:2  | Noticed a bone dragon
 20046 | Abyss:2  | Demolished by a large abomination

Illustrated notes

Levels and vault maps discovered:
D:1:      dpeg_arrival_shrine, layout_basic, serial_shops, shop,
          minmay_misc_feat_tower
D:2:      layout_loops_ring, basic_ecumenical_altar, minmay_box_of_dots,
          uniq_crazy_yiuf_cottage
D:3:      layout_basic, ashenzari_conservatory_becter, uniq_natasha,
          uniq_grinder, uniq_jessica
D:4:      layout_gridville, grunt_qazlal_clouds
D:5:      layout_basic, mainiacjoe_overflow_alcove_1, temple_statues,
          nrook_uturn, hex_large, nicolae_elemental_shop
D:6:      cheibrodos_two_vegetables, layout_loops_ring,
          mainiacjoe_overflow_brackets, minmay_gold_behind_fungi
D:7:      layout_loops_ring, tgw_trog, roderic_roman_lattice,
          minmay_quadrilaterals
D:8:      gammafunk_beogh_shrine, layout_basic,
          mainiacjoe_overflow_six_doors_small, minmay_holes, kennysheep_donut,
          fungi_pond_lemuel, uniq_erica, uniq_grum
D:9:      layout_rooms, gammafunk_temple_overflow_pools,
          nicolae_dithmenos_the_darkroom, mainiacjoe_overflow_alcove_2,
          nicolae_overflow_hidden_temple, minivault_10
D:10:     layout_roguey, grunt_lair_entry_orc_guard_hut, david_orc_5,
          nrook_pool_corridor
D:11:     layout_roguey
D:12:     layout_stronghold, serial_shops, nicolae_shop_behind_doors,
          ebering_ghost_funeral_grove
Temple:   hellmonk_temple_of_storms
Lair:1:   layout_chaotic_city, serial_bayou, serial_bayou_pond_d,
          serial_bayou_pond_b, serial_bayou_ford_a, serial_bayou_pond_a,
          serial_bayou_shore_b, chequers_serial_rivers_small_a,
          lemuel_fruit_tree
Lair:2:   layout_gridlike, spider_nest_entry_funnel_web, basic_altar,
          nicolae_lair_lindhole, uniq_harold, uniq_amaemon
Orc:1:    layout_caves, portal_ice_cave_entry_pillars_2, uniq_fannar,
          uniq_josephine
Abyss:2:  base: Lair:5, base: D:9, evilmike_abyss_exit_15,
          evilmike_abyss_exit_15

Skill      XL: |  1  2  3  4  5  6  7  8  9 10 11 12 |
---------------+-------------------------------------+-----
Dodging        | 2 3 4 5 6 |  6.0
Fire Magic     | 3 4 5 7 8 9 10 11 | 11.1
Stealth        | 2 3 4 |  4.0
Polearms       | 1 2 |  2.9
Spellcasting   | 3 4 5 6 8 9 10 11 | 11.8
Fighting       | 1 2 3 4 |  4.4
Armour         | 1 2 4 |  4.8
Conjurations   | 2 |  2.7
Maces & Flails | 1 3 4 6 |  6.0
Shields        | 1 2 |  2.8
Evocations     | 1 |  1.1
Air Magic      | 3 |  3.1
Axes           | |  0.1
Throwing       | |  0.3
Invocations    | |  0.3

Action                   |  1- 3 |  4- 6 |  7- 9 | 10-12 || total
-------------------------+-------+-------+-------+-------++-------
Melee: Hand axe          |    15 |       |       |       ||    15
       Spear             |    33 |    43 |    19 |       ||    95
       Tailslap          |     1 |     6 |     3 |    55 ||    65
       Punch             |     1 |       |       |     1 ||     2
       Flail             |       |       |    28 |   282 ||   310
Throw: Throwing net      |       |     2 |     1 |     3 ||     6
 Cast: Foxfire           |    38 |     2 |    24 |     6 ||    70
       Scorch            |    12 |    27 |   128 |   185 ||   352
       Conjure Flame     |       |     9 |     1 |     1 ||    11
       Flame Wave        |       |       |       |    13 ||    13
       Airstrike         |       |       |       |    38 ||    38
Invok: Bend Time         |       |       |       |     1 ||     1
Evoke: Wand              |       |       |       |    25 ||    25
  Use: Potion            |       |     2 |     4 |     7 ||    13
       Scroll            |       |       |    20 |    14 ||    34
 Stab: Sleeping          |     2 |       |     1 |     1 ||     4
Armor: Robe              |    14 |    21 |     8 |       ||    43
       Leather armour    |       |       |    42 |    33 ||    75
       Ring mail         |       |       |       |   260 ||   260
       Troll leather arm |       |       |       |    46 ||    46
Dodge: Dodged            |    28 |    30 |    78 |   604 ||   740
Block: Other             |       |       |    30 |   151 ||   181
       Reflection        |       |       |     1 |       ||     1
